 Dungeon Crawl Stone Soup version 0.29.1-2-gbd0b4ee654 (webtiles) character file.

Game seed: 5794043407108416251

225 wingedge the Trooper (level 5, 0/48 HPs)
             Began as a Draconian Monk on Nov 8, 2022.
             Succumbed to a kobold's poison
             ... on level 3 of the Dungeon.
             The game lasted 00:13:47 (2738 turns).

wingedge the Trooper (Draconian Monk)               Turns: 2738, Time: 00:13:48

Health: 0/48       AC:  5    Str: 13    XL:     5   Next: 68%
Magic:  5/5        EV: 13    Int: 10    God:
Gold:   110        SH:  0    Dex: 16    Spells: 4/4 levels left

rFire   . . .      SeeInvis .   a - +0 spear
rCold   . . .      Faith    .   (no shield)
rNeg    . . .      Spirit   .   (body armour unavailable)
rPois   .          Reflect  .   (helmet restricted)
rElec   .          Harm     .   f - scarf {shadows}
rCorr   .          Rampage  .   (no gloves)
Will    .....                   (no boots)
Stlth   ++........              (no amulet)
HPRegen 0.16/turn               (no ring)
MPRegen 0.09/turn               (no ring)

@: brilliant, lethally poisoned (0 -> -1), on berserk cooldown, attractive,
slowed, very slow
A: AC +5, unfitting armour, cold-blooded
a: no special abilities


You were on level 3 of the Dungeon.
You visited 1 branch of the dungeon, and saw 3 of its levels.

You collected 110 gold pieces.

Inventory:

Hand Weapons
 a - a +0 spear (weapon)
 b - a +0 dagger
 n - a +0 rapier
 w - a +0 sling
 y - a +0 short sword
Missiles
 k - 8 poisoned darts (quivered)
 m - 3 datura-tipped darts
Armour
 f - a scarf of shadows (worn)
 u - a +0 cloak
Scrolls
 g - a scroll of amnesia {unknown}
 j - a scroll of silence {unknown}
 l - a scroll of blinking {unknown}
 r - a scroll of immolation {unknown}
 s - a scroll of teleportation {unknown}
 v - a scroll of vulnerability {unknown}
 x - a scroll of fear {unknown}
Potions
 c - a potion of mutation
 d - 2 potions of magic
 e - a potion of cancellation
 o - a potion of might
 q - a potion of haste {unknown}


   Skills:
 - Level 5.0 Fighting
 - Level 4.0 Polearms
 + Level 3.7 Dodging
 - Level 3.0 Stealth


You had 4 spell levels left.
You didn't know any spells.
Your spell library contained the following spells:

 Spells                   Type           Power      Damage    Failure   Level
 Summon Small Mammal      Summ           0%         N/A       36%         1
 Call Canine Familiar     Summ           0%         N/A       75%         3
 Ozocubu's Armour         Ice            0%         N/A       75%         3
 Summon Guardian Golem    Hex/Summ       0%         N/A       75%         3
 Fireball                 Conj/Fire      0%         3d3       100%        5
 Iskenderun's Battlesphe  Conj           0%         2d6       100%        5
 Metabolic Englaciation   Hex/Ice        0%         N/A       100%        5
 Conjure Ball Lightning   Conj/Air       0%         3x3d6     100%        6
 Simulacrum               Ice/Necr       0%         N/A       100%        6
 Orb of Destruction       Conj           0%         9d5       100%        7


Dungeon Overview and Level Annotations

Branches:
Dungeon (3/15)

Altars:

Shops:
D:2 [


Innate Abilities, Weirdness & Mutations

Your plain brown scales are hard. (AC +5)
You cannot fit into any form of body armour.
You are cold-blooded and may be slowed by cold attacks.


Message History

A kobold comes into view.
It is wielding a +0 dagger and quivering poisoned darts.
Throw: 8 darts (poison)
Press: ? - help, Q - select action, (/) - cycle Shift-Dir - straight line, f - kobold
Aim: a kobold, wielding a +0 dagger and quivering poisoned darts (55% to hit)
Okay, then.
The kobold throws a poisoned dart.
The poisoned dart hits you!
You are lethally poisoned!
Drinking this now will have no effect.
It was a potion of berserk rage.
A red film seems to cover your vision as you go berserk!
You feel yourself moving faster!
You feel mighty!
* * * LOW HITPOINT WARNING * * *
You feel sick.
You barely miss the kobold.
* * * LOW HITPOINT WARNING * * *
You feel sick.
You closely miss the kobold.
* * * LOW HITPOINT WARNING * * *
You feel sick. The kobold hits you but does no damage.
You puncture the kobold!
You kill the kobold!
* * * LOW HITPOINT WARNING * * *
You feel sick.
You feel a strong urge to attack something.
* * * LOW HITPOINT WARNING * * *
You feel sick.
You feel your anger nearly subside.
You are no longer berserk.
You are exhausted.
You feel yourself slow down.
* * * LOW HITPOINT WARNING * * *
You feel sick.
Okay, then.
There is a lethal amount of poison in your body!
It was a potion of attraction.
You feel attractive to monsters.
* * * LOW HITPOINT WARNING * * *
You feel sick.
It was a potion of brilliance.
You feel clever all of a sudden.
You die...

#.††###.....#
#.#####..## #...#.#
#........####.#..##
...........##.#.##
######.###.##...#
#.# #.####.# #(#
#.# #.# #.# #.# #@#
### #.# .. #)# #<#
#.# ..w..(.# #.#
#.# ...g#### #.#
#.# ..( #)# #.# ..
#.# #.# #
.####.###.#
#..........##
#.###....)...


There were no monsters in sight!

Vanquished Creatures
  A scorpion (D:2)
  An orc wizard (D:3)
  3 gnolls (D:3)
  4 adders (D:2)
  3 dart slugs
  3 orcs (D:3)
  3 ball pythons
  6 bats
  4 endoplasms
  8 giant cockroaches
  4 goblins
  8 hobgoblins
  4 jackals (D:1)
  5 kobolds
  A quokka (D:1)
  2 frilled lizards
  4 rats
64 creatures vanquished.

Notes
Turn   | Place    | Note
-------+----------+-------------------------------------------
     0 | D:1      | wingedge the Draconian Monk began the quest for the Orb.
     0 | D:1      | Reached XP level 1. HP: 19/19 MP: 1/1
    50 | D:1      | Reached XP level 2. HP: 14/26 MP: 2/2
   436 | D:1      | You fall into a shaft and drop 1 floor!
   467 | D:2      | Reached skill level 4 in Fighting
   474 | D:2      | Reached XP level 3. HP: 28/33 MP: 3/3
  1049 | D:2      | Noticed a scorpion
  1059 | D:2      | Killed a scorpion
  1060 | D:2      | Reached XP level 4. HP: 32/40 MP: 4/4
  1400 | D:2      | Reached XP level 5. HP: 24/47 MP: 5/5
  1752 | D:2      | Found Mirikost's Antique Armour Boutique.
  2713 | D:3      | Reached skill level 5 in Fighting
  2734 | D:3      | HP: 3/72 [poisoned by a kobold]
  2736 | D:3      | HP: 1/48 [poisoned by a kobold]
  2738 | D:3      | Succumbed to a kobold's poison

Illustrated notes

Levels and vault maps discovered:
D:1:      spicycebolla_arrival_clurvy, layout_rooms, serial_forest,
          infiniplex_forest_clump_small, infiniplex_forest_clump_long,
          infiniplex_forest_lined_4_way, infiniplex_forest_straight_5,
          infiniplex_forest_fountain, infiniplex_forest_end_2,
          chequers_serial_rivers_micro_d, dreamdust_mushroom_princess
D:2:      layout_basic, serial_shops, nicolae_shop_behind_doors
D:3:      minmay_octagon_keep, layout_loops_ring, marbit_many_paths

Skill      XL: |  1  2  3  4  5 |
---------------+----------------+-----
Stealth        | 2 3 |  3.0
Dodging        | 3 |  3.7
Fighting       | 4 5 |  5.0
Polearms       | 4 |  4.0

Action                   |  1- 3 |  4- 6 || total
-------------------------+-------+-------++-------
Melee: Spear             |   129 |   128 ||   257
       Tailslap          |    12 |    11 ||    23
       Punch             |     2 |     1 ||     3
       Dagger            |       |     2 ||     2
Throw: Dart              |     3 |     5 ||     8
  Use: Potion            |       |     5 ||     5
       Scroll            |       |     4 ||     4
 Stab: Sleeping          |     5 |    11 ||    16
Armor: Skin              |    28 |    33 ||    61
Dodge: Dodged            |    65 |    92 ||   157
